 Dungeon Crawl Stone Soup version 0.31-a0-1321-g5021b54 (webtiles) character file.

Game seed: 3322838889493001590

1150 RobotCleanerRider the Ducker (level 8, -7/37 HPs)
             Began as a Spriggan Hexslinger on Dec 20, 2023.
             Was a Believer of Okawaru.
             Shot with an arrow by a centaur (15 damage)
             ... on level 6 of the Dungeon.
             The game lasted 00:18:07 (5384 turns).

RobotCleanerRider the Ducker (Spriggan Hexslinger)  Turns: 5384, Time: 00:18:08

Health: -7/37      AC:  2    Str:  1 (4)  XL:     8   Next: 15%
Magic:  15/15      EV: 19    Int: 13 (14) God:    Okawaru [**....]
Gold:   228        SH:  0    Dex: 17 (20) Spells: 9/15 levels left

rFire   . . .        a - +0 shortbow
rCold   . . .        (shield currently unavailable)
rNeg    + . .        c - +0 robe
rPois   .            (helmet restricted)
rElec   .            (no cloak)
rCorr   +            (gloves unavailable)
SInv    +            (boots unavailable)
Will    ++...        (no amulet)
Stlth   +++          e - ring of positive energy
HPRegen 0.26/turn    i - ring of resist corrosion
MPRegen 0.14/turn

%: clarity
@: mighty, on berserk cooldown, enlightened, flying, slowed, quick
A: very small, no large weapons, unfitting armour, see invisible, speed 3,
clarity, frail 1, persistent drain
a: Renounce Religion, Heroism


You were on level 6 of the Dungeon.
You worshipped Okawaru.
Okawaru was pleased with you.
You visited 1 branch of the dungeon, and saw 6 of its levels.

You collected 228 gold pieces.

Inventory:

Hand Weapons
 a - a +0 shortbow (weapon)
Missiles
 u - 4 datura-tipped darts
Armour
 c - a +0 robe (worn)
Jewellery
 e - a ring of positive energy (left hand)
 i - a ring of resist corrosion (right hand)
Scrolls
 b - a scroll of poison
 d - 3 scrolls of enchant armour {unknown}
 h - 2 scrolls of immolation {unknown}
 j - a scroll of butterflies {unknown}
 k - 2 scrolls of revelation {unknown}
 l - a scroll of fog {unknown}
 m - 2 scrolls of blinking {unknown}
 p - 5 scrolls of teleportation {unknown}
 r - a scroll of brand weapon {unknown}
 s - a scroll of noise {unknown}
 x - a scroll of torment {unknown}
 y - a scroll of enchant weapon {unknown}
Potions
 o - a potion of magic
 q - a potion of haste


   Skills:
 * Level 3.6 Fighting
 * Level 5.0 Ranged Weapons
 + Level 5.3 Dodging
 + Level 5.2 Stealth
 + Level 4.2 Spellcasting
 - Level 4.8 Hexes
 - Level 0.7 Fire Magic
 + Level 0.3 Ice Magic
 + Level 2.1 Invocations


You had 9 spell levels left.
You knew the following spells:

 Your Spells              Type           Power      Damage    Failure   Level
a - Sigil of Binding      Hex            15%        N/A       9%          3
b - Frozen Ramparts       Ice            6%         1d1       45%         3

Your spell library contained the following spells:

 Spells                   Type           Power      Damage    Failure   Level
 Jinxbite                 Hex            30%        N/A       4%          2
 Freeze                   Ice            12%        1d3       17%         1
 Inner Flame              Hex/Fire       9%         N/A       19%         3
 Apportation              Tloc           4%         N/A       21%         1
 Necrotise                Necr           8%         1d4       21%         1
 Shock                    Conj/Air       8%         1d3       21%         1
 Sting                    Conj/Alch      8%         1d3       21%         1
 Cause Fear               Hex            7%         N/A       28%         4
 Hailstorm                Conj/Ice       3%         3d5       50%         3
 Stone Arrow              Conj/Erth      4%         3d7       52%         3
 Swiftness                Air            2%         N/A       52%         3
 Dimensional Bullseye     Hex/Tloc       4%         N/A       58%         4
 Airstrike                Air            1%         2d(1-17)  90%         4
 Iskenderun's Mystic Bla  Conj/Tloc      2%         2d3       90%         4
 Lehudib's Crystal Spear  Conj/Erth      1%         10d2      100%        8
 Tukima's Dance           Hex            Unusable   N/A       N/A         3
 Summon Small Mammal      Summ           Unusable   N/A       N/A         1
 Animate Armour           Summ/Erth      Unusable   N/A       N/A         4

Dungeon Overview and Level Annotations

Branches:
Dungeon (6/15)
 Temple: D:4-7

Altars:
Makhleb
Okawaru
Qazlal
Ru

Shops:
D:1 [

Annotations:
D:6 Sigmund


Innate Abilities, Weirdness & Mutations

You are very small and have problems with some larger weapons.
You are too small for most types of armour.
You have supernaturally acute eyesight. (SInv)
You cover ground extremely quickly. (Speed+++)
You possess an exceptional clarity of mind.
You are frail. (-10% HP)
Your health recovers twice as slowly from being drained.


Message History

You feel better.
The centaur shoots an arrow.
The arrow hits you.
* * * LOW HITPOINT WARNING * * *
You feel better.
It was a potion of berserk rage.
A red film seems to cover your vision as you go berserk!
You feel yourself moving faster!
You feel mighty!
The centaur shoots an arrow.
The arrow barely misses you.
You are too berserk!
Okay, then.
You are too berserk!
You are too berserk!
You feel a strong urge to attack something.
The centaur shoots an arrow.
The arrow barely misses you.
You feel your anger nearly subside.
You are no longer berserk.
You are exhausted.
You feel yourself slow down.
It was a potion of degeneration.
There was something very wrong with that liquid.
You feel weakened.
You feel dopey.
You feel clumsy.
The centaur shoots an arrow.
The arrow closely misses you.
It was a potion of enlightenment.
You feel very buoyant.
You fly up into the air.
The centaur shoots an arrow.
The arrow hits you.
* * * LOW HITPOINT WARNING * * *
The centaur shoots an arrow.
The arrow closely misses you.
It was a potion of might.
You feel very mighty all of a sudden.
A hound comes into view.
The centaur shoots an arrow.
The arrow misses you.
The hound barks!
Unknown command.
You aren't carrying any items that you can evoke.
Unknown command.
Okay, then.
Unknown command.
Unknown command.
Unknown command.
The centaur shoots an arrow.
The arrow barely misses you.
The centaur shoots an arrow.
The arrow hits you!
You die...

###### ....# #..°#### ..#
#@.....# ..# #......# #
###.# #...°..# #. ...#
###.°..#
##.#######.#######c.°.####
.....>.....@)..c.†........
#.........h....##########
####....†.............
#......#####.#.####...


You could see a centaur.

Vanquished Creatures
  The ghost of wqsa789 the Trooper, an amateur DsFi (D:4)
  An ogre (D:4)
  6 scorpions
  A howler monkey (D:6)
  3 orc priests
  2 hounds
  Natasha (twice) (D:2)
  3 iguanas
  A gnoll bouda (D:5)
  3 orc wizards
  4 gnolls
  6 adders
  2 white imps
  2 ufetubi (D:5)
  2 worms
  3 dart slugs
  8 orcs
  4 ball pythons
  8 endoplasms
  2 giant cockroaches
  8 hobgoblins
  6 jackals
  10 kobolds
  4 quokkas
  4 bats
  4 frilled lizards
  6 goblins
  7 rats
113 creatures vanquished.

Notes
Turn   | Place    | Note
-------+----------+-------------------------------------------
     0 | D:1      | RobotCleanerRider the Spriggan Hexslinger began the quest
                  | for the Orb.
     0 | D:1      | Reached XP level 1. HP: 9/9 MP: 3/3
    10 | D:1      | Found Galair's Armour Shoppe.
   297 | D:1      | Reached skill level 1 in Fighting
   297 | D:1      | Reached skill level 1 in Stealth
   297 | D:1      | Reached XP level 2. HP: 14/14 MP: 5/5
   942 | D:1      | Reached XP level 3. HP: 18/18 MP: 5/7
  1574 | D:2      | Noticed Natasha
  1596 | D:2      | Killed Natasha
  1597 | D:2      | Reached XP level 4. HP: 13/22 MP: 8/8
  1657 | D:2      | Learned a level 3 spell: Sigil of Binding
  1714 | D:2      | Noticed Natasha
  1721 | D:2      | Killed Natasha
  2101 | D:3      | Reached XP level 5. HP: 18/26 MP: 10/10
  2284 | D:3      | Identified the +0 leather armour of Honesty {rC+}
  2320 | D:3      | Found a sacrificial altar of Ru.
  2531 | D:3      | Found an iron altar of Okawaru.
  2645 | D:3      | Became a worshipper of Warmaster Okawaru
  2894 | D:4      | Noticed wqsa789's ghost (amateur DsFi)
  2894 | D:4      | Found a runed translucent gate.
  2894 | D:4      | Found a runed translucent gate.
  2894 | D:4      | Found a runed translucent gate.
  3020 | D:4      | Reached XP level 6. HP: 30/30 MP: 11/11
  3564 | D:4      | Reached * piety under Okawaru
  3852 | D:4      | Killed wqsa789's ghost
  3853 | D:4      | Reached skill level 1 in Invocations
  3853 | D:4      | Reached XP level 7. HP: 23/35 MP: 13/13
  3874 | D:5      | Entered Level 5 of the Dungeon
  4306 | D:4      | Reached skill level 5 in Dodging
  4470 | D:5      | Reached ** piety under Okawaru
  4556 | D:5      | Found a stormy altar of Qazlal.
  4788 | D:5      | Reached skill level 5 in Stealth
  4806 | D:5      | Reached XP level 8. HP: 16/40 MP: 15/15
  4911 | D:5      | Found a burning altar of Makhleb.
  4942 | D:5      | Learned a level 3 spell: Frozen Ramparts
  5351 | D:6      | Reached skill level 5 in Ranged Weapons
  5361 | D:6      | Noticed Sigmund
  5370 | D:6      | Gained mutation: You possess an exceptional clarity of
                  | mind. [potion of mutation]
  5370 | D:6      | Gained mutation: Your health recovers twice as slowly from
                  | being drained. [potion of mutation]
  5370 | D:6      | Gained mutation: You are frail. (-10% HP) [potion of
                  | mutation]
  5370 | D:6      | HP: 1/37 [centaur/arrow (8)]
  5384 | D:6      | Shot with an arrow by a centaur

Illustrated notes

Levels and vault maps discovered:
D:1:      minmay_arrival_diagonal_passages, layout_loops_corners, serial_shops,
          shop, serial_forest, infiniplex_forest_fountain,
          infiniplex_forest_clump_medium, infiniplex_forest_lined_room_,
          infiniplex_forest_straight_1, infiniplex_forest_zigzag_1,
          infiniplex_forest_corner_1, infiniplex_forest_lined_3_way,
          infiniplex_forest_end_3, infiniplex_forest_end_1, feat_on_display
D:2:      layout_basic, kennysheep_donut, uniq_natasha
D:3:      layout_basic, marbit_many_paths, hangedman_ru_absence, hex_tiny,
          minmay_fractal_squares_5
D:4:      layout_cave_pools, ebering_ghost_rock_garden
D:5:      layout_cave_pools, kennysheep_mini_moat, lemuel_round_altar
D:6:      layout_basic, vehumet_crystals, minmay_bent, uniq_sigmund

Skill      XL: |  1  2  3  4  5  6  7  8 |
---------------+-------------------------+-----
Fighting       | 1 2 3 |  3.6
Stealth        | 1 2 3 4 5 |  5.2
Dodging        | 3 4 5 |  5.3
Spellcasting   | 2 3 4 |  4.2
Ranged Weapons | 3 4 5 |  5.0
Hexes          | 4 |  4.8
Invocations    | 1 2 |  2.1
Fire Magic     | |  0.7
Ice Magic      | |  0.3

Action                     |  1- 3 |  4- 6 |  7- 9 || total
---------------------------+-------+-------+-------++-------
   Fire: Sling             |   226 |   261 |   111 ||   598
         Shortbow          |       |       |    68 ||    68
    Use: Potion            |       |       |    11 ||    11
         Scroll            |       |       |     1 ||     1
 Armour: Robe              |    11 |    21 |    34 ||    66
  Dodge: Dodged            |    42 |    70 |    78 ||   190

Table legend: (Time is in decaauts)
 A = Elapsed time spent in this place.
 B = Non-inter-level travel time spent in this place.
 C = Inter-level travel time spent in this place.
 D = Time resting spent in this place.
 E = Time spent auto-exploring this place.
 F = Levels seen in this place.
 G = Mean time per level.
                   A        B        C        D        E       F      G
               +--------+--------+--------+--------+--------+-----+--------+
         Total |   3952 |   3772 |    180 |     42 |   2304 |   6 |  658.7 |
       Dungeon |   3952 |   3772 |    180 |     42 |   2304 |   6 |  658.7 |
               +--------+--------+--------+--------+--------+-----+--------+

Top non-repeatable levels by time:
     D:4: 1067 daAuts
     D:1: 918 daAuts
     D:3: 628 daAuts
     D:5: 599 daAuts
     D:2: 546 daAuts
     D:6: 192 daAuts
